 Dungeon Crawl Stone Soup version 0.27.1-33-g824d729ab1 (webtiles) character file.

Game seed: 12117067381883494228

32 Descartes the Ducker (level 3, 0/16 HPs)
             Began as a Felid Warper on Nov 25, 2021.
             Slain by Sigmund (10 damage)
             ... on level 2 of the Dungeon.
             The game lasted 00:01:03 (1042 turns).

Descartes the Ducker (Felid Warper)                 Turns: 1042, Time: 00:01:04

Health: 0/16       AC:  1    Str:  8    XL:     3   Next: 8%
Magic:  7/7        EV: 18    Int: 14    God:
Gold:   87         SH:  0    Dex: 15    Spells: 6/6 levels left
                                        Lives:  0   Deaths: 0

rFire    . . .     SeeInvis +     - Unarmed
rCold    . . .     Faith    .   (shield unavailable)
rNeg     . . .     Spirit   .   (armour unavailable)
rPois    .         Reflect  .   (helmet unavailable)
rElec    .         Harm     .   (cloak unavailable)
rCorr    .         Rampage  .   (gloves unavailable)
Will     .....                  (boots unavailable)
Stlth    +.........             (no amulet)
HPRegen  0.05/turn              (no ring)
MPRegen  0.10/turn              (no ring)

@: quick
A: very small, claws 1, fangs 3, see invisible, speed 1, shaggy fur 1, stealthy
paws, no weapons or thrown items, no armour, multi-lived
a: no special abilities


You were on level 2 of the Dungeon.
You visited 1 branch of the dungeon, and saw 2 of its levels.

You collected 87 gold pieces.

Inventory:

Scrolls
 a - a scroll of blinking
 b - a scroll of teleportation {unknown}
Potions
 c - a potion of invisibility {unknown}
 d - a potion of curing {unknown}


   Skills:
 - Level 2.0 Fighting
 * Level 4.6 Dodging
 + Level 2.5 Unarmed Combat
 - Level 2.0 Spellcasting
 - Level 4.4 Translocations


You had 6 spell levels left.
You didn't know any spells.
Your spell library contained the following spells:

 Spells                   Type           Power      Damage    Failure   Level
 Blink                    Tloc           N/A        N/A       6%          2
 Gell's Gravitas          Tloc           6%         N/A       12%         3
 Lesser Beckoning         Tloc           6%         N/A       12%         3
 Teleport Other           Tloc           13%        N/A       12%         3
 Manifold Assault         Tloc           13%        N/A       73%         5


Dungeon Overview and Level Annotations

Branches:
Dungeon (2/15)

Altars:

Annotations:
D:2 Robin, Sigmund


Innate Abilities, Weirdness & Mutations

You have sharp claws.
You have razor-sharp teeth.
You have supernaturally acute eyesight. (SInv)
You cover ground quickly. (Speed+)
You are covered in fur. (AC +1)
Your paws help you pounce on unaware monsters.
You are incapable of wielding weapons or throwing items.
You cannot wear armour.
You gain extra lives every three experience levels.


Message History

A goblin is nearby!
A goblin and a hobgoblin come into view.
The goblin shouts!
The hobgoblin shouts!
You hear a shout! x2
You see here a scroll labelled GIADUHUSAM.
A goblin and Sigmund come into view.
The goblin shouts! x2; You hear a shout! x2
The goblin closely misses you.
You scratch the goblin.
You kill the goblin!
A goblin comes into view. It is wielding a +0 dagger.
The goblin barely misses you.
You closely miss the hobgoblin. The hobgoblin completely misses you.
Sigmund screams, "Only death can liberate you!"
Sigmund misses you.
Robin of the Strong Arm comes into view.
They are wielding a +1 trident of venom.
The goblin completely misses you.
Robin shouts!
You scratch the hobgoblin. Your bite misses the hobgoblin.
The hobgoblin is severely wounded.
A hobgoblin comes into view.
The goblin misses you.
You barely miss the hobgoblin.
The hobgoblin is severely wounded.
Sigmund casts a spell.
Sigmund flickers and vanishes for a moment.
The hobgoblin barely misses you. The goblin barely misses you.
You scratch the hobgoblin but do no damage.
The hobgoblin is severely wounded.
Robin throws the goblin at you! Sigmund barely misses you.
The goblin misses you. The goblin closely misses you. The hobgoblin misses you.
The goblin misses you.
You scratch the hobgoblin.
The hobgoblin is almost dead.
The goblin barely misses you. The hobgoblin closely misses you.
The goblin hits you with a +0 club.
A goblin comes into view. It is wielding a +0 dagger.
The goblin barely misses you.
Sigmund hits you from afar with a +0 scythe!
Ouch! That really hurt!
You die...

#. #.# #..###.# #. #.#
#.#.#.## #. #.#
#.##.## ##. #.# #....#
...###.## #..#.###
...####.....###..#....
#.........#..)...#)###
#..####.?.>.####.#.#
#g.gg@.###.## #.#.#
......ggg....... .....
###g####@####### #####
# #.# #.# #.# #.# #.#


You could see Sigmund (invisible), Robin, 2 hobgoblins and 4 goblins.

Vanquished Creatures
  A hound skeleton (D:2)
  A dart slug (D:1)
  A bat (D:1)
  3 endoplasms (D:1)
  A goblin (D:2)
  A hobgoblin (D:1)
  3 kobolds
  2 ball pythons
  A frilled lizard (D:1)
  3 rats
17 creatures vanquished.

Notes
Turn   | Place    | Note
-------+----------+-------------------------------------------
     0 | D:1      | Descartes the Felid Warper began the quest for the Orb.
     0 | D:1      | Reached XP level 1. HP: 9/9 MP: 4/4
   525 | D:1      | Reached XP level 2. HP: 13/13 MP: 6/6
   763 | D:2      | Found a faded altar of an unknown god.
   871 | D:2      | Reached XP level 3. HP: 11/16 MP: 7/7
  1034 | D:2      | Noticed Sigmund
  1038 | D:2      | Noticed Robin
  1042 | D:2      | Slain by Sigmund

Illustrated notes

Levels and vault maps discovered:
D:1:      dpeg_arrival_orchard, layout_basic, minmay_misc_feat_alley
D:2:      layout_loops_ring, ebering_ecumenical_altar_webs,
          serial_bayou_lagoon_a, minivault_14, corexii_corridor_pit,
          minmay_rat_gold_closets, uniq_robin, uniq_sigmund

Skill      XL: |  1  2 |
---------------+-------+-----
Dodging        | 4 |  4.6
Fighting       | |  2.0
Unarmed Combat | |  2.5
Spellcasting   | |  2.0
Translocations | |  4.4

Action                   || total
-------------------------++-------
Melee: Unarmed           ||    56
       Bite              ||     5
 Stab: Sleeping          ||     1
Armor: Skin              ||     3
Dodge: Dodged            ||    53
